 Dungeon Crawl Stone Soup version 0.31-a0-1074-g0b22e4e0f1 (webtiles) character file.

Game seed: 9959125058742883059

86 BigPumpCobain the Ruffian (level 4, -3/36 HPs)
             Began as a Draconian Shapeshifter on Dec 4, 2023.
             Slain by a gnoll
             ... wielding a +0 flail
              (5 damage)
             ... on level 2 of the Dungeon.
             The game lasted 00:03:10 (1948 turns).

BigPumpCobain the Ruffian (Draconian Shapeshifter)  Turns: 1948, Time: 00:03:10

Health: -3/36      AC:  5    Str: 18    XL:     4   Next: 27%
Magic:  4/4        EV: 12    Int: 11    God:
Gold:   105        SH:  0    Dex: 10    Spells: 3/3 levels left

rFire   . .          .
                       - Unarmed
rCold   . . .        (no shield)
rNeg    . . .        (body armour unavailable)
rPois   .            (helmet currently unavailable)
rElec   .            (cloak currently unavailable)
rCorr   +            (gloves currently unavailable)
SInv    +            (boots currently unavailable)
Will    .....        (no amulet)
Stlth   +            e - ring of see invisible
HPRegen 0.26/turn    i - ring of resist corrosion
MPRegen 0.09/turn

%: no passive effects
@: beast-form
A: beast (slay +2), AC +5, unfitting armour, cold-blooded
a: Begin Untransformation


You were on level 2 of the Dungeon.
You were a hulking beast.
You visited 1 branch of the dungeon, and saw 3 of its levels.

You collected 105 gold pieces.

Inventory:

Hand Weapons
 j - a +2 dagger of holy wrath
Jewellery
 d - a ring of fire
 e - a ring of see invisible (left hand)
 f - an amulet of magic regeneration
 i - a ring of resist corrosion (right hand)
 k - a ring of wizardry
Talismans
 b - a beast talisman
 c - a flux talisman
Wands
 g - a wand of flame (21)
Potions
 a - a potion of lignification
 h - a potion of curing {unknown}
 l - a potion of enlightenment {unknown}
 m - a potion of mutation {unknown}


   Skills:
 + Level 2.3 Fighting
 - Level 1.7 Dodging
 * Level 4.2 Unarmed Combat
 + Level 3.5 Shapeshifting


You had 3 spell levels left.
You didn't know any spells.
Your spell library contained the following spells:

 Spells                   Type           Power      Damage    Failure   Level
 Necrotise                Necr           0%         1d4       34%         1
 Vampiric Draining        Necr           0%         2d6       71%         3
 Agony                    Necr           0%         N/A       100%        5


Dungeon Overview and Level Annotations

Branches:
Dungeon (3/15)

Altars:

Shops:
D:1 ?=


Innate Abilities, Weirdness & Mutations

You are a hulking beast.
Your limbs bulge with bestial killing power. (Slay +2)
Your plain brown scales are hard. (AC +5)
You cannot fit into any form of body armour.
You are cold-blooded and may be slowed by cold attacks.


Message History

HP restored.
You climb downwards.
The gnoll hits you with a +0 whip. The gnoll barely misses you.
The gnoll hits you with a +0 whip. The gnoll hits you with a +0 flail.
There is a stone staircase leading up, spattered with blood here.
The gnoll hits you with a +0 flail! The gnoll barely misses you.
You climb upwards.
There is a stone staircase leading down here.
You are too injured to fight recklessly!
You are too injured to fight recklessly!
You are too injured to fight recklessly!
You are too injured to fight recklessly!
You are too injured to fight recklessly!
You are too injured to fight recklessly!
You are too injured to fight recklessly!
You are too injured to fight recklessly!
You are too injured to fight recklessly!
You are too injured to fight recklessly!
You hit the gnoll.
Your tail-slap misses the gnoll.
The gnoll is lightly wounded.
The gnoll barely misses you. The gnoll hits you with a +0 whip.
You punch the gnoll!
The gnoll is severely wounded.
The gnoll hits you with a +0 flail.
* * * LOW HITPOINT WARNING * * *
The gnoll hits you with a +0 whip.
* * * LOW HITPOINT WARNING * * *
You closely miss the gnoll.
The gnoll is severely wounded.
The gnoll hits you with a +0 flail.
* * * LOW HITPOINT WARNING * * *
The gnoll hits you with a +0 whip.
* * * LOW HITPOINT WARNING * * *
You barely miss the gnoll. You tail-slap the gnoll.
You kill the gnoll!
The gnoll barely misses you.
You punch the gnoll!
The gnoll is severely wounded.
The gnoll hits you with a +0 flail.
You die...

#............#..#.#.....#
####.........#..#.#.....#
...#.##.###..#..#.#.....#
#.##....#.......#.#.....########
#.##..#.#....<..)..............#
#.##..#.#.#..#..#......#######.#
#.##..#.#.#........##### #)#
#.##..#.#.##...g..## #.#
#.##..#........)h.# #.#
#.##....#.######).# #.#
#.###.#........#..# #.# #.#
#...#.####.#..# #.## #.# ###.#.#
#.#..# #... #.# #.#.# #.#..#
#### #.# #.#.# #.#..# #.#
#.#.####.#..#
#.#####.#.........#


You could see a gnoll.

Vanquished Creatures
  3 gnolls (D:2)
  An adder (D:2)
  2 worms (D:2)
  A dart slug (D:1)
  A bat (D:2)
  An endoplasm (D:2)
  2 giant cockroaches
  4 goblins
  6 hobgoblins (D:2)
  2 jackals (D:1)
  2 kobolds
  2 quokkas
  5 ball pythons
  2 frilled lizards (D:2)
  5 rats
39 creatures vanquished.

Notes
Turn   | Place    | Note
-------+----------+-------------------------------------------
     0 | D:1      | BigPumpCobain the Draconian Shapeshifter began the quest
                  | for the Orb.
     0 | D:1      | Reached XP level 1. HP: 16/16 MP: 1/1
   110 | D:1      | Reached XP level 2. HP: 16/23 MP: 2/2
   163 | D:1      | Found Wiph's Magic Scroll Shop.
   435 | D:1      | Found Qair's Jewellery Shoppe.
   965 | D:2      | Reached XP level 3. HP: 17/29 MP: 3/3
  1025 | D:2      | You fall into a shaft and drop 1 floor!
  1786 | D:2      | Reached skill level 4 in Unarmed Combat
  1901 | D:2      | Reached XP level 4. HP: 25/36 MP: 4/4
  1948 | D:2      | Slain by a gnoll

Illustrated notes

Levels and vault maps discovered:
D:1:      orjb1_clovarrival, layout_basic, serial_shops,
          nicolae_shop_gaudy_bauble, nicolae_shop_crystal
D:2:      layout_basic, kennysheep_generic_room_14
D:3:      layout_loops_ring, minmay_overflow_temple_hex,
          shapermc_ecumenical_altar_mp_ritualfount, hangedman_decor_lopped,
          uniq_natasha

Skill      XL: |  1  2  3 |
---------------+----------+-----
Fighting       | 2 |  2.3
Unarmed Combat | 4 |  4.2
Dodging        | |  1.7
Shapeshifting  | |  3.5

Action                     |  1- 3 |  4- 6 || total
---------------------------+-------+-------++-------
  Melee: Unarmed           |   101 |     5 ||   106
         Tailslap          |    15 |     1 ||    16
         Punch             |     1 |       ||     1
    Use: Scroll            |     4 |       ||     4
   Stab: Sleeping          |     1 |       ||     1
 Armour: Skin              |    39 |    10 ||    49
  Dodge: Dodged            |    56 |     4 ||    60

Table legend: (Time is in decaauts)
 A = Elapsed time spent in this place.
 B = Non-inter-level travel time spent in this place.
 C = Inter-level travel time spent in this place.
 D = Time resting spent in this place.
 E = Time spent auto-exploring this place.
 F = Levels seen in this place.
 G = Mean time per level.
                   A        B        C        D        E       F      G
               +--------+--------+--------+--------+--------+-----+--------+
         Total |   1951 |   1897 |     54 |    139 |   1501 |   3 |  650.3 |
       Dungeon |   1951 |   1897 |     54 |    139 |   1501 |   3 |  650.3 |
               +--------+--------+--------+--------+--------+-----+--------+

Top non-repeatable levels by time:
     D:2: 1045 daAuts
     D:1: 879 daAuts
     D:3: 27 daAuts
